 Dungeon Crawl Stone Soup version 0.16-a0-787-g31dbbe7 (webtiles) character file.

42 Kashira the Chiller (level 3, 0/14 HPs)
             Began as a Felid Ice Elementalist on Sept 27, 2014.
             Slain by an adder (4 damage)
             ... on Level 2 of the Dungeon.
             The game lasted 00:02:12 (1085 turns).

Kashira the Chiller (Felid Ice Elementalist)        Turns: 1085, Time: 00:02:12

HP   0/14        AC  1     Str  5      XL: 3   Next: 35%
MP   5/8         EV 18     Int 16      God:
Gold 52          SH  0     Dex 16      Spells:  3 memorised,  1 level left
Lives: 0, deaths: 0

rFire  . . .     SeeInvis +     (weapon unavailable)
rCold  . . .     Clarity  .     (armour unavailable)
rNeg   . . .     rCorr    .     (shield unavailable)
rPois  .         rRot     .     (helmet unavailable)
rElec  .         Spirit   .     (cloak unavailable)
SustAb .         Warding  .     (gloves unavailable)
rMut   .         Stasis   .     (boots unavailable)
Gourm  .                        (no amulet)
MR     .....                    (no ring)
                                (no ring)

@: lethally poisoned, very slightly contaminated, quick, not resistant to
hostile enchantments, fairly stealthy
A: paw claws, no armour, no weapons or thrown items, fangs 3, see invisible,
carnivore 3, speed 1, shaggy fur 1, slow metabolism 1, jump 1
a: Jump Attack


You were on level 2 of the Dungeon.
You were not hungry.

You visited 1 branch of the dungeon, and saw 2 of its levels.

You collected 52 gold pieces.

Inventory:

Comestibles
 c - 2 meat rations
 f - a beef jerky
Scrolls
 a - a scroll of teleportation {unknown}
 d - a scroll of blinking {unknown}
Books
 b - a book of Frost

   Spells                             Type                      Level
   *Freeze                            Ice                          1
   *Throw Frost                       Conjuration/Ice              2
   *Ozocubu's Armour                  Charms/Ice                   3
   Throw Icicle                       Conjuration/Ice              4
   Summon Ice Beast                   Ice/Summoning                4
   Condensation Shield                Ice                          4


   Skills:
 - Level 2.8 Dodging
 - Level 2.8 Stealth
 + Level 2.6 Spellcasting
 + Level 0.8 Conjurations
 + Level 3.5 Ice Magic


You had one spell level left.
You knew the following spells:

 Your Spells              Type           Power        Failure   Level  Hunger
a - Freeze                Ice            ##..         6%          1    #......
b - Throw Frost           Conj/Ice       #.....       14%         2    ##.....
c - Ozocubu's Armour      Chrm/Ice       #.......     34%         3    ###....


Dungeon Overview and Level Annotations

Branches:
Dungeon (2/15)

Altars:


Innate Abilities, Weirdness & Mutations

You cannot wear armour.
You are incapable of wielding weapons or throwing items.
Your paws have sharp claws.
You have razor-sharp teeth.
You have supernaturally acute eyesight.
You are carnivorous and can eat meat at any time.
You cover ground quickly.
You are covered in fur (AC +1).
You have a slow metabolism.
You can jump attack at a short distance.


Message History

The adder poisons you!
Casting: Freeze
Confirm with . or Enter, or press ? or * to list all spells.
Aiming: Freeze
Press: ? - help, Shift-Dir - straight line, f/p - adder
Aim: an adder (heavily wounded)
You miscast Freeze.
You are very lightly contaminated with residual magic.
Your paws feel numb with cold.
You feel sick. The adder bites you. The adder bites you.
* * * LOW HITPOINT WARNING * * *
Casting: Freeze
Confirm with . or Enter, or press ? or * to list all spells.
Aiming: Freeze
Press: ? - help, Shift-Dir - straight line, f/p - adder
Aim: an adder (heavily wounded)
You freeze the adder.
The adder is severely wounded.
The adder bites you.
You die...

..(..# ##.....##
....S.(.. #..l..s# #
#...b..###########
###>## #.# #..........
....... #.#
#.........# .# #S#
####.........# .# #@#
#............. .#
#####.###.##########.#
.# #......[%........#
#.. ##
#.###.###.######.# ###
# #.# #.######.### #
..# #......[...# #
##.# ########.#+## #
#.# #....# ##########
#.# #....#


You could see an adder.

Vanquished Creatures
  2 adders (D:2)
  A giant mite (D:1)
  A giant gecko (D:2)
  A ball python (D:1)
  2 bats
  3 hobgoblins
  3 kobolds
  A quokka (D:2)
  2 giant newts (D:1)
  2 rats
18 creatures vanquished.

Notes
Turn   | Place    | Note
--------------------------------------------------------------
     0 | D:1      | Kashira, the Felid Ice Elementalist, began the quest for the Orb.
     0 | D:1      | Reached XP level 1. HP: 7/7 MP: 4/4
   573 | D:1      | Reached skill level 3 in Ice Magic
   573 | D:1      | Reached XP level 2. HP: 11/11 MP: 2/5
   717 | D:1      | Learned a level 2 spell: Throw Frost
   886 | D:2      | Reached XP level 3. HP: 14/14 MP: 1/8
   951 | D:2      | Learned a level 3 spell: Ozocubu's Armour
  1085 | D:2      | Slain by an adder

Action                   || total
-------------------------++-------
Melee: Unarmed           ||     4
 Cast: Freeze            ||    31
       Throw Frost       ||     3
 Abil: Jump Attack       ||     4
  Eat: Chunk             ||     3
